 Dungeon Sprint DCSS version 0.28.0-43-g3370ac3207 (webtiles) character file.

Game seed: 6375147666009227746

0 DungeonDestroyer the Shield-Bearer (level 1, -6/23 HPs)
             Began as a Gnoll Fighter on Mar 7, 2022.
             Mangled by a warg (8 damage)
             ... led by an orc knight
             ... in the Dungeon (Sprint VII: "The Pits").
             The game lasted 00:00:45 (22 turns).

DungeonDestroyer the Shield-Bearer (Gnoll Fighter)    Turns: 22, Time: 00:00:47

Health: -6/23      AC:  7    Str: 15    XL:     1   Next: 0%
Magic:  1/1        EV:  9    Int:  7    God:
Gold:   0          SH:  5    Dex: 11    Spells: 0/0 levels left

rFire   . . .      SeeInvis .   a - +0 long sword
rCold   . . .      Faith    .   c - +0 buckler
rNeg    . . .      Spirit   .   b - +0 scale mail
rPois   .          Reflect  .   (no helmet)
rElec   .          Harm     .   (no cloak)
rCorr   .          Rampage  .   (no gloves)
Will    .....      NoTele   +   (no boots)
Stlth   ..........              (no amulet)
HPRegen 0.07/turn               (no ring)
MPRegen 0.07/turn               (no ring)

@: no status effects
A: fangs 1, strong nose, distributed training
a: no special abilities


You were in the Dungeon.
You visited 1 branch

Inventory:

Hand Weapons
 a - a +0 long sword (weapon)
Armour
 b - a +0 scale mail (worn)
 c - a +0 buckler (worn)
Scrolls
 j - a scroll of blinking
Potions
 d - a potion of might
 e - a potion of curing
 g - a potion of haste
 h - 2 potions of magic
 i - a potion of berserk rage


   Skills:
 + Level 6.4 Fighting
 + Level 0.0 Short Blades
 + Level 4.4 Long Blades
 + Level 0.0 Axes
 + Level 0.0 Maces & Flails
 + Level 0.0 Polearms
 + Level 0.0 Staves
 + Level 0.0 Slings
 + Level 0.0 Bows
 + Level 0.0 Crossbows
 + Level 0.0 Throwing
 + Level 6.4 Armour
 + Level 0.0 Dodging
 + Level 0.0 Stealth
 + Level 6.4 Shields
 + Level 0.0 Unarmed Combat
 + Level 0.0 Spellcasting
 + Level 0.0 Conjurations
 + Level 0.0 Hexes
 + Level 0.0 Summonings
 + Level 0.0 Necromancy
 + Level 0.0 Translocations
 + Level 0.0 Transmutations
 + Level 0.0 Fire Magic
 + Level 0.0 Ice Magic
 + Level 0.0 Air Magic
 + Level 0.0 Earth Magic
 + Level 0.0 Poison Magic
 + Level 0.0 Invocations
 + Level 0.0 Evocations


You couldn't memorise any spells.
You didn't know any spells.
Your spell library was empty.

Dungeon Overview and Level Annotations

Branches:
Dungeon (1/1)

Altars:


Innate Abilities, Weirdness & Mutations

You have very sharp teeth.
Your uncanny sense of smell can sniff out nearby items.
Your experience applies equally to all skills.


Message History

You open the huge gate.
An orc priest comes into view. It is wielding a +0 short sword.
The orc priest shouts!
You hear a shout!
A basilisk comes into view.
There is a huge open gate to the Metal Vault (Medium) here.
The orc priest invokes the aid of Beogh against you.
Beogh smites you!
Ouch! That really hurt!
You feel much better.
An orc comes into view. It is wielding a +0 short sword.
The orc shouts!
You hear a howl!
You hear a shout!
You hear an angry hiss.
A warg comes into view.
An orc comes into view. It is wielding a +0 mace.
The orc shouts!
You hear a shout!
An orc comes into view. It is wielding a +0 flail.
The orc moves out of view.
An orc knight comes into view. It is wielding a +0 halberd.
You barely miss the orc priest.
The orc shouts!
You bite the orc priest, but do no damage.
The orc priest hits you with a +0 short sword.
The orc knight roars a battlecry!
The orcs go into a battle-frenzy!
Unknown command.
You closely miss the orc priest.
The orc priest hits you with a +0 short sword.
You slash the orc priest!
The orc priest is heavily wounded.
You block the orc priest's attack.
An orc comes into view. It is wielding a +0 mace.
The warg bites you but does no damage.
The orc priest hits you with a +0 short sword.
The basilisk hisses angrily.
You slash the orc priest!
You kill the orc priest!
The warg bites you!
* * * LOW HITPOINT WARNING * * *
An orc comes into view. It is wielding a +0 flail.
The warg bites you!
You die...

##########++######
#................#
#......#..#......#
#................+
+................+
#......#..#......#
#..........h@....#
####'#####'o######
#.......##'o#
#.......##..#
#.......##oo#
#...<...##..# ∆∆
#.......##lo# ∆∆
#.......##.o#
#.......##...


You could see an orc knight, a basilisk, a warg and 5 orcs.

Vanquished Creatures
  An orc priest (D)
1 creature vanquished.

Notes
Turn   | Place    | Note
-------+----------+-------------------------------------------
     0 | D        | DungeonDestroyer the Gnoll Fighter began the quest for the
                  | Orb.
     0 | D        | Reached XP level 1. HP: 23/23 MP: 1/1
    11 | D        | Noticed an orc priest
    11 | D        | Noticed a basilisk
    16 | D        | Noticed a warg
    19 | D        | Noticed an orc knight
    22 | D        | Killed an orc priest
    22 | D        | Mangled by a warg

Illustrated notes

Levels and vault maps discovered:
D:        pitsprint [storerooms_1, entrance_room_1, metal_vault_3, armoury_3,
          mini_pit_1, grid_room_1, main_hall_1, silver_pit, the_coven_1,
          the_vestibule_1, steel_vault_2, golden_pit, hallway_of_sentries,
          crystal_vault_6, iron_vault_1, final_vault]

Action                   || total
-------------------------++-------
Melee: Long sword        ||     4
       Bite              ||     1
  Use: Potion            ||     1
Armor: Scale mail        ||     1
Block: Buckler           ||     1
